Beautiful

Match 20469081
End
Construct Infanterie Kompanie
Selects Luftwaffe Battlegroup
Selects Luftwaffe Pioneer Support
Fallschirmpioneer Squad Paradrop
GrW 34 Mortar Team
Fallschirmpioneer Squad Paradrop
Medical Station
Selects Stuka Strafing Run
Fallschirmpioneer Squad Paradrop
Selects Fallschirmjäger Squad Paradrop
Construct Panzergrenadier Kompanie
Construct Luftwaffe Kompanie
Stuka Strafing Run
Fallschirmjäger Squad Paradrop
Support Elements
GrW 34 Mortar Team
Marder III M Tank Destroyer
Marder III M Tank Destroyer
Selects Stuka Loiter
Stuka Loiter
Wirbelwind Flakpanzer
Marder III M Tank Destroyer
Stuka Strafing Run
Wirbelwind Flakpanzer
Stuka Loiter
Selects Luftwaffe Combat Group
Marder III M Tank Destroyer
Luftwaffe Officer Quarters
Stuka Strafing Run
Construct Panzer Kompanie
Fallschirmpioneer Squad Paradrop
Selects Flak 36 Anti-tank Gun Emplacement
Stuka Loiter
Side Skirts
Construct Panzergrenadier Kompanie
Nebelwerfer 42 Rocket Launcher Team
Nebelwerfer 42 Rocket Launcher Team
Panzer IV Medium Tank
Panzer Officer Quarters
Stuka Loiter
Nebelwerfer 42 Rocket Launcher Team
Panzer IV Medium Tank
Stuka Loiter
Panzer IV Medium Tank
Fallschirmpioneer Squad Paradrop
Stuka Loiter
Panzer IV Medium Tank
Fallschirmjäger Squad Paradrop
Stuka Strafing Run
Panzer IV Medium Tank
Stuka Strafing Run
心灵只因汤
Big Bear
shiberiatora
Biggus dickus
jorolea94
eFalcon95
0
0

Comments sign in to comment!

No comments posted yet!